AoeStats
← Sombra Nocturna Enroscada

Arabia

510420152Analyzed
1v1 RM · 1d ago on Sep 30, 2026· 60m 27s· 2 players
Game mode
Random Map
Map size
Tiny (2 player)
Population
200
Speed
Normal
Resources
Standard
Victory
Conquest
Starting age
Dark Age
Ending age
Imperial Age
RankedLock teamsTeams togetherTeam positionsShared explorationLock speedFull tech treeHidden civsTurbo modeCheats
Victory
Defeat
🇺🇸 Mongols · United States
853
+17
🇦🇷 Franks · Argentina
877
-17
laduve71
7:27 Loom
9:22 Feudal Age
10:06 Double-Bit Axe
20:29 Castle Age
18:22 Horse Collar
21:41 Bow Saw
22:06 Fletching
22:38 Bloodlines
22:50 Gold Mining
23:20 Husbandry
24:05 Wheelbarrow
23:59 Bodkin Arrow
26:05 Padded Archer Armor
26:40 Hand Cart
26:48 Ballistics
30:20 Scale Barding Armor
30:36 Leather Archer Armor
35:12 Imperial Age
36:31 Heavy Plow
36:54 Elite Steppe Lancer
38:47 Parthian Tactics
37:42 Heavy Cavalry Archer
38:28 Thumb Ring
38:53 Chain Barding Armor
38:35 Scale Mail Armor
40:09 Onager
43:31 Heavy Camel Rider
44:10 Siege Onager
45:27 Chain Mail Armor
46:00 Capped Ram
47:51 Siege Ram
53:18 Light Cavalry
55:19 Bracer
55:35 Chain Mail Armor
57:06 Hussar
61:33 Gold Shaft Mining
Sombra Nocturna Enroscada
9:51 Feudal Age
10:22 Double-Bit Axe
15:27 Loom
17:17 Wheelbarrow
19:54 Castle Age
19:02 Gold Mining
19:44 Stone Mining
20:20 Fletching
21:50 Bow Saw
28:53 Imperial Age
27:19 Gold Shaft Mining
31:10 Chemistry
30:29 Hand Cart
30:06 Elite Skirmisher
31:35 Bodkin Arrow
31:52 Forging
32:25 Town Watch
33:43 Scale Barding Armor
38:39 Chain Barding Armor
38:54 Iron Casting
38:41 Ballistics
38:10 Arrowslits
38:21 Murder Holes
38:36 Masonry
42:01 Town Patrol
44:43 Chivalry
45:38 Scale Mail Armor
47:13 Architecture
46:34 Guard Tower
48:42 Plate Barding Armor
50:44 Pikeman
Connection lost

Rejoining the realm…

Still unreachable

The connection could not be restored.

Session expired

The server has moved on; the page needs a fresh start.